 Dungeon Crawl Stone Soup version bcrawl-1.19.2-6-g6a88ae04c9 (webtiles) character file.

Game seed: 2738058171265488675

4687 Mrkan the Grappler (level 10, -2/96 HPs)
             Began as a Troll Monk on Jan 4, 2020.
             Was an Elder of Makhleb.
             Engulfed by Fannar's freezing vapour (9 damage)
             ... on level 10 of the Dungeon.
             The game lasted 00:11:18 (6526 turns).

Mrkan the Grappler (Troll Monk)                     Turns: 6526, Time: 00:11:19

Health: -2/96      AC:  9    Str: 19 (22) XL:     10   Next: 21%
Magic:  0/13       EV:  7    Int:  8 (9)  God:    Makhleb [****..]
Gold:   834        SH: 15    Dex:  9 (12) Spells: 9/9 levels left

rFire    . . .     SeeInvis .     - Unarmed
rCold    + . .     Gourm    +   n - +0 large shield
rNeg     . . .     Faith    .   (armour unavailable)
rPois    +         Spirit   +   a - +0 hat
rElec    .         Reflect  .   f - +0 cloak
rCorr    .         Harm     .   (gloves unavailable)
MR       .....                  (boots unavailable)
Stlth    +.........             b - amulet of guardian spirit
HPRegen  0.66/turn              v - ring "Omootemp" {+Inv rC+}
MPRegen  0.13/turn              r - ring of poison resistance

@: no status effects
A: large, almost no armour, unfitting armour, claws 3, fast metabolism 3,
gourmand, regeneration 1, AC +8
a: Minor Destruction, Lesser Servant of Makhleb, Major Destruction, Renounce
Religion, Evoke Invisibility


You were on level 10 of the Dungeon.
You worshipped Makhleb.
Makhleb was greatly pleased with you.
You were full.

You visited 1 branch of the dungeon, and saw 10 of its levels.

You collected 834 gold pieces.

Inventory:

Armour
 a - a +0 hat (worn)
 f - a +0 cloak (worn)
 n - a +0 large shield (worn)
Jewellery
 b - an amulet of guardian spirit (around neck)
 j - an uncursed ring of fire
 r - a ring of poison resistance (right claw)
 s - an uncursed ring of insulation
 v - the ring "Omootemp" (left claw) {+Inv rC+}
   (You found it on level 5 of the Dungeon)

   [ring of protection from cold]

   It protects you from cold.
   It lets you turn invisible.
 z - an uncursed ring of magical power {unknown}
 A - an uncursed amulet of magic regeneration {unknown}
 F - a cursed ring of protection from magic {unknown}
Wands
 B - a wand of digging (7)
 C - a wand of polymorph (10)
 G - a wand of random effects (10)
Scrolls
 e - 14 scrolls of identify {unknown}
 g - 3 scrolls of magic mapping {unknown}
 k - 9 scrolls of remove curse {unknown}
 m - 2 scrolls of enchant weapon {unknown}
 p - 2 scrolls of immolation {unknown}
 t - a scroll of teleportation {unknown}
 x - 3 scrolls of summoning {unknown}
 y - 3 scrolls of amnesia {unknown}
 E - a scroll of silence {unknown}
Potions
 d - 2 potions of might {unknown}
 h - 2 potions of degeneration
 i - a potion of invisibility {unknown}
 l - a potion of haste {unknown}
 o - 2 potions of flight {unknown}
 q - a potion of curing {unknown}
 u - 2 potions of heal wounds {unknown}
 w - a potion of mutation {unknown}
 D - a potion of magic {unknown}
 H - a potion of brilliance {unknown}
Comestibles
 c - 10 rations {!d}


   Skills:
 - Level 5.5 Fighting
 - Level 2.4 Dodging
 - Level 1.1 Stealth
 * Level 6.7 Shields
 - Level 9.0 Unarmed Combat
 - Level 5.4 Invocations


You had 9 spell levels left.
You didn't know any spells.
Your spell library was empty.

Dungeon Overview and Level Annotations

Branches:
Dungeon (10/12)            Temple (0/1) D:7            Lair (0/6) D:8
    Orc: D:8-11

Altars:
Cheibriados
Dithmenos
Fedhas
Gozag
Lugonu
Makhleb
Okawaru
Qazlal
Sif Muna
Uskayaw
Yredelemnul
The Shining One

Shops:
D:4 ?   D:6 =   D:10 *

Annotations:
D:8 3 runed translucent doors, feta's ghost, novice FrCj
D:10 exclusion: orange crystal statue, Fannar


Innate Abilities, Weirdness & Mutations

You cannot wear most types of armour.
Your thick skin is tough. (AC +8)
You are too large for most types of armour.
You have claws for hands.
Your metabolism is lightning-fast.
You like to eat raw meat.
Your natural rate of healing is unusually fast.


Message History

Fannar casts a spell at you. The freezing cloud engulfs you! You resist.
* * * LOW HITPOINT WARNING * * *
It was a potion of degeneration.
There was something very wrong with that liquid.
You feel weakened.
You feel dopey.
You feel clumsy.
You are engulfed in freezing vapours.
You resist.
* * * LOW HITPOINT WARNING * * *
Fannar is engulfed in freezing vapours.
You block Fannar's attack.
You barely miss Fannar.
Fannar is heavily wounded.
You are engulfed in freezing vapours.
You resist.
* * * LOW HITPOINT WARNING * * *
Fannar is engulfed in freezing vapours.
Fannar hits you with a +0 quarterstaff of freezing.
* * * LOW HITPOINT WARNING * * *
You closely miss Fannar.
Fannar is heavily wounded.
You are engulfed in freezing vapours.
You resist.
You die...

#.# ......
#Y# #.#
##.# ##..#
#°.## #○##
#####
#e###......
#°@○°#
####°°.#
##.....
###.


You could see Fannar.

Vanquished Creatures
  A two-headed ogre (D:9)
  A troll (D:8)
  Grinder (D:5)
  Eustachio (D:5)
  3 wargs (D:8)
  A soldier ant (D:7)
  2 water moccasins
  2 orc warriors
  A sky beast (D:4)
  A necrophage (D:7)
  A phantom (D:6)
  6 ogres
  2 centaurs (D:6)
  3 bullfrogs (D:7)
  A big kobold (D:8)
  Blork the orc (D:5)
  A gnoll sergeant (D:9)
  2 scorpions
  A wight (D:8)
  3 crimson imps
  A quasit (D:8)
  2 centaur zombies
  A hound (D:5)
  A jelly (D:9)
  4 orc priests
  10 orc wizards
  A bullfrog skeleton (D:5)
  3 iguanas
  3 worker ants
  A killer bee zombie (D:5)
  5 gnolls (D:9)
  A howler monkey skeleton (D:6)
  A howler monkey zombie (D:7)
  4 adders
  A shadow imp (D:6)
  2 adder skeletons
  A worm (D:3)
  2 dart slugs (D:2)
  4 leopard geckos
  37 orcs
  2 ball pythons (D:1)
  5 bats
  9 giant cockroaches
  7 goblins
  10 hobgoblins
  12 jackals
  11 kobolds
  5 quokkas
  3 frilled lizards
  A quokka skeleton (D:4)
  7 rats
  A spectral orc (D:7)
193 creatures vanquished.

Vanquished Creatures (others)
  6 plants (D:8)
6 creatures vanquished.

Grand Total: 199 creatures vanquished

Notes
Turn   | Place    | Note
-------+----------+-------------------------------------------
     0 | D:1      | Mrkan the Troll Monk began the quest for the Orb.
     0 | D:1      | Reached XP level 1. HP: 22/22 MP: 1/1
    43 | D:1      | Reached XP level 2. HP: 26/29 MP: 0/2
   173 | D:1      | Reached XP level 3. HP: 32/36 MP: 3/3
   262 | D:1      | Reached skill level 4 in Unarmed Combat
   950 | D:2      | Gained mutation: Your natural rate of healing is unusually
                  | fast. [Troll growth]
   950 | D:2      | Reached XP level 4. HP: 40/45 MP: 4/4
  1375 | D:3      | Found a burning altar of Makhleb.
  1418 | D:3      | Reached skill level 5 in Unarmed Combat
  1425 | D:3      | Became a worshipper of Makhleb the Destroyer
  1425 | D:3      | Reached * piety under Makhleb
  1425 | D:3      | Reached ** piety under Makhleb
  1489 | D:3      | Reached XP level 5. HP: 51/53 MP: 5/5
  2194 | D:4      | Noticed a sky beast
  2203 | D:4      | Killed a sky beast
  2503 | D:4      | Found Ujudor's Magic Scroll Shoppe.
  2532 | D:4      | Reached XP level 6. HP: 61/61 MP: 6/6
  2974 | D:5      | Entered Level 5 of the Dungeon
  2974 | D:5      | Noticed Eustachio
  3013 | D:5      | Killed Eustachio
  3013 | D:5      | Reached skill level 6 in Unarmed Combat
  3058 | D:5      | Reached XP level 7. HP: 60/70 MP: 6/8
  3192 | D:5      | Noticed Grinder
  3198 | D:5      | Paralysed by Grinder for 3 turns
  3211 | D:5      | Paralysed by Grinder for 2 turns
  3214 | D:5      | Killed Grinder
  3214 | D:5      | Reached skill level 7 in Unarmed Combat
  3401 | D:5      | Got a warped bone ring
  3621 | D:5      | Noticed Blork the orc
  3626 | D:5      | Killed Blork the orc
  3764 | D:6      | Reached XP level 8. HP: 65/79 MP: 5/10
  3797 | D:6      | Identified the ring "Omootemp" {+Inv rC+} (You found it on
                  | level 5 of the Dungeon)
  3864 | D:6      | Reached skill level 8 in Unarmed Combat
  3897 | D:6      | Reached skill level 5 in Fighting
  4013 | D:6      | Found Liokk's Jewellery Shoppe.
  4016 | D:6      | Reached skill level 5 in Invocations
  4018 | D:6      | Reached *** piety under Makhleb
  4188 | D:6      | Found a hide-covered altar of Uskayaw.
  4188 | D:6      | Found a glowing golden altar of the Shining One.
  4188 | D:6      | Found a snail-covered altar of Cheibriados.
  4311 | D:6      | Found an iron altar of Okawaru.
  4312 | D:6      | Found an opulent altar of Gozag.
  4398 | D:7      | Found a staircase to the Ecumenical Temple.
  4421 | D:7      | Reached skill level 9 in Unarmed Combat
  4440 | D:7      | Reached skill level 1 in Shields
  4440 | D:7      | Reached XP level 9. HP: 86/88 MP: 10/12
  4771 | D:7      | Found a basalt altar of Yredelemnul.
  5100 | D:8      | Found a runed translucent gate.
  5101 | D:8      | Found a runed translucent gate.
  5101 | D:8      | Noticed feta's ghost (novice FrCj)
  5101 | D:8      | Noticed an 11-headed hydra
  5102 | D:8      | Found a runed translucent gate.
  5178 | D:8      | Found a staircase to the Lair.
  5293 | D:8      | Found a corrupted altar of Lugonu.
  5318 | D:8      | Noticed a troll
  5319 | D:8      | Found a blossoming altar of Fedhas.
  5327 | D:8      | Killed a troll
  5327 | D:8      | Reached skill level 5 in Shields
  5360 | D:8      | Found a stormy altar of Qazlal.
  5433 | D:8      | Found a shimmering blue altar of Sif Muna.
  6035 | D:9      | Reached **** piety under Makhleb
  6121 | D:9      | Reached XP level 10. HP: 72/96 MP: 10/13
  6353 | D:9      | Found a shadowy altar of Dithmenos.
  6439 | D:9      | Noticed a two-headed ogre
  6444 | D:9      | Killed a two-headed ogre
  6484 | D:10     | Entered Level 10 of the Dungeon
  6484 | D:10     | Found Oteoxist's Assorted Antiques.
  6484 | D:10     | Noticed an orange crystal statue
  6484 | D:10     | Noticed Fannar
  6526 | D:10     | Engulfed by Fannar's freezing vapour

Skill      XL: |  1  2  3  4  5  6  7  8  9 |
---------------+----------------------------+-----
Unarmed Combat | 4 5 6 7 9 |  9.0
Fighting       | 3 4 5 |  5.5
Invocations    | 3 4 5 |  5.4
Shields        | 1 6 |  6.7
Dodging        | |  2.4
Stealth        | |  1.1

Action                   |  1- 3 |  4- 6 |  7- 9 | 10-12 || total
-------------------------+-------+-------+-------+-------++-------
Melee: Unarmed           |   121 |   137 |   323 |    63 ||   644
       Punch             |     2 |     1 |       |       ||     3
  Use: Potion            |       |       |       |     1 ||     1
 Stab: Sleeping          |     4 |     2 |     2 |       ||     8
  Eat: Chunk             |    11 |    11 |    18 |     3 ||    43
Armor: Skin              |    87 |    82 |   109 |    22 ||   300
Dodge: Dodged            |    79 |    43 |    68 |    11 ||   201
Block: Large shield      |       |   133 |   255 |    50 ||   438
